AoeStats
← cmd

Coastal Forest

503240390Analyzed
3v3 RM · 1mo ago on Aug 30, 2026· 48m 54s· 6 players
Game mode
Random Map
Map size
Normal (6 player)
Population
200
Speed
Normal
Resources
Standard
Victory
Conquest
Starting age
Dark Age
Ending age
Imperial Age
RankedLock teamsTeams togetherTeam positionsShared explorationLock speedFull tech treeHidden civsTurbo modeCheats
Victory
Defeat
🇩🇪 Japanese · Germany
967
+13
🇩🇪 Spanish · Germany
960
+13
🇩🇪 Goths · Germany
911
+16
🇨🇦 Inca · Canada
948
-16
🇪🇸 Bulgarians · Spain
906
-14
🇨🇿 Japanese · Czechia
862
-32
superpandaby
10:48 Feudal Age
12:02 Double-Bit Axe
15:08 Fishing Lines
22:04 Castle Age
20:49 Stone Mining
20:51 Gold Mining
21:44 Horse Collar
22:04 Fletching
22:25 Forging
22:15 Scale Mail Armor
23:20 Bow Saw
23:23 Husbandry
25:49 Bodkin Arrow
26:29 Iron Casting
26:10 Chain Mail Armor
27:39 Scale Barding Armor
28:06 Gillnets
29:21 Ballistics
30:32 Murder Holes
31:03 Chain Barding Armor
30:33 Gambesons
31:40 Bloodlines
32:55 Heavy Plow
37:30 Masonry
37:12 Arson
37:28 Squires
40:27 Gold Shaft Mining
43:08 Imperial Age
41:30 Stirrups
45:11 Bracer
46:00 Plate Barding Armor
47:21 Blast Furnace
46:59 Plate Mail Armor
47:29 Stone Shaft Mining
kron
14:01 Feudal Age
16:05 Forging
16:18 Scale Mail Armor
17:05 Man-at-Arms
23:08 Fletching
26:48 Castle Age
26:49 Double-Bit Axe
27:00 Long Swordsman
28:39 Bodkin Arrow
29:22 Iron Casting
30:44 Horse Collar
31:05 Bodkin Arrow
31:01 Elite Skirmisher
33:03 Heavy Plow
33:47 Chain Mail Armor
AB14
11:50 Feudal Age
12:34 Horse Collar
12:39 Double-Bit Axe
15:02 Forging
14:52 Scale Mail Armor
15:30 Champi Runner
23:28 Castle Age
25:13 Wheelbarrow
24:25 Loom
25:13 Heavy Plow
25:24 Bow Saw
25:04 Gold Mining
25:04 Stone Mining
25:17 Stone Mining
25:18 Gold Mining
27:13 Fletching
28:01 Iron Casting
29:22 Gold Shaft Mining
29:23 Stone Shaft Mining
29:25 Hand Cart
28:55 Town Watch
29:23 Champi Warrior
30:24 Chain Mail Armor
32:06 Town Patrol
34:27 Elite Skirmisher
35:14 Thumb Ring
35:04 Fletching
35:14 Padded Archer Armor
cmd
12:21 Loom
14:07 Feudal Age
19:03 Castle Age
20:45 Stone Mining
24:11 Stone Shaft Mining
30:35 Wheelbarrow
30:27 Double-Bit Axe
32:47 Bow Saw
34:11 Hand Cart
34:49 Anarchy
37:30 Forging
37:20 Scale Mail Armor
38:21 Squires
39:59 Chain Mail Armor
41:44 Iron Casting
44:55 Imperial Age
noname
13:23 Feudal Age
12:01 Loom
15:41 Horse Collar
15:50 Double-Bit Axe
19:31 Castle Age
18:14 Wheelbarrow
18:42 Fishing Lines
19:06 Stone Mining
21:03 Gillnets
21:28 Medium Warships
23:36 Hand Cart
23:38 Bow Saw
23:49 Town Watch
29:14 Gold Mining
32:07 Scale Barding Armor
32:07 Padded Archer Armor
36:29 Imperial Age
35:43 Leather Archer Armor
36:38 Elite Conquistador
38:28 Chemistry
38:38 Masonry
39:19 Conscription
39:36 Hoardings
39:48 Bombard Tower
40:31 Ring Archer Armor
39:52 Fletching
40:49 Husbandry
41:00 Bloodlines
41:38 Bodkin Arrow
45:52 Elite Cannon Galleon
helo
7:37 Loom
10:02 Feudal Age
12:05 Double-Bit Axe
14:49 Man-at-Arms
19:24 Castle Age
17:30 Horse Collar
18:39 Wheelbarrow
20:27 Thumb Ring
20:25 Crossbowman
24:51 Padded Archer Armor
27:20 Fishing Lines
29:59 Forging
29:42 Fletching
31:30 Ballistics
30:47 Pikeman
31:28 Squires
31:28 Bodkin Arrow
31:34 Padded Archer Armor
33:43 Gold Mining
36:45 Imperial Age
35:40 Gold Shaft Mining
36:54 Scale Mail Armor
37:06 Forging
37:40 Elite Samurai
40:00 Chain Mail Armor
40:20 Iron Casting
41:55 Chemistry
40:43 Capped Ram
41:37 Arbalester
43:45 Plate Mail Armor
44:15 Blast Furnace
45:57 Hand Cart
47:57 Conscription
48:56 Conscription
48:06 Spies/Treason
49:06 Conscription
Connection lost

Rejoining the realm…

Still unreachable

The connection could not be restored.

Session expired

The server has moved on; the page needs a fresh start.